 Dungeon Crawl Stone Soup version 0.31-a0-145-g046c7d2549 (webtiles) character file.

Game seed: 13324300013563583457

62643 bmj180 the Frost Mage (level 15, -2/110 HPs)
             Began as a Merfolk Ice Elementalist on June 6, 2023.
             Was a High Priest of Vehumet.
             Slain by an orc knight zombie
             ... wielding a +2 long sword of venom
              (15 damage)
             ... on level 12 of the Dungeon.
             The game lasted 01:25:21 (29043 turns).

bmj180 the Frost Mage (Merfolk Ice Elementalist)   Turns: 29043, Time: 01:25:22

Health: -2/110     AC: 24    Str: 11    XL:     15   Next: 7%
Magic:  19/30      EV: 13    Int: 22    God:    Vehumet [*****.]
Gold:   1254       SH:  0    Dex: 15    Spells: 9/37 levels left

rFire   . . .        a - +4 demon trident of Wedimigg {freeze, rElec}
rCold   . . .        (no shield)
rNeg    + . .        w - +0 acid dragon scales
rPois   .            r - +2 hat
rElec   +            B - +0 cloak
rCorr   +            l - +0 pair of gloves
SInv    .            J - +0 pair of boots
Will    +....        E - amulet of magic regeneration
Stlth   ++           L - +4 ring of protection
HPRegen 0.38/turn    Z - ring "Filepexe" {rN+ Str+3}
MPRegen 0.62/turn

%: no passive effects
@: ice-armoured
A: (nimble swimmer 2), mertail
a: Renounce Religion


You were on level 12 of the Dungeon.
You worshipped Vehumet.
Vehumet was extremely pleased with you.
You visited 3 branches of the dungeon, and saw 18 of its levels.

You collected 1351 gold pieces.
You spent 97 gold pieces at shops.

Inventory:

Hand Weapons
 a - the +4 demon trident of Wedimigg (weapon) {freeze, rElec}
   (You acquired it on level 11 of the Dungeon)

   rElec:     It insulates you from electricity.
 k - a +2 whip of venom
 n - a +6 trident
 D - the +9 morningstar "Nutsodghi" {freeze, rF++}
   (You found it on level 5 of the Lair of Beasts)

   rF:        It greatly protects you from fire.
 X - the +4 morningstar of Coakhleeth {pain, rN+ Int+3 SInv}
   (You found it on level 5 of the Lair of Beasts)

   Int:       It affects your intelligence (+3).
   rN:        It protects you from negative energy.
   SInv:      It lets you see invisible.
Missiles
 j - 20 poisoned darts (quivered)
 s - 5 atropa-tipped darts
 C - a throwing net
 S - 6 curare-tipped darts
Armour
 e - a +1 hat of stealth
 h - a +0 leather armour of cold resistance
 l - a +0 pair of gloves (worn)
 r - a +2 hat (worn)
 w - +0 acid dragon scales (worn)
 B - a +0 cloak (worn)
 H - the +0 ring mail "Wacludi" {rElec rF+ rN+++ Str-4}
   (You found it on level 3 of the Lair of Beasts)

   Str:       It affects your strength (-4).
   rF:        It protects you from fire.
   rElec:     It insulates you from electricity.
   rN:        It renders you almost immune to negative energy.
 I - +0 swamp dragon scales
 J - a +0 pair of boots (worn)
 N - an orb of mayhem
 U - the +1 buckler of Chimes {Will+ Dex+4}
   (You acquired it on level 5 of the Lair of Beasts)

   Dex:       It affects your dexterity (+4).
   Will:      It increases your willpower.
Magical Staves
 u - a staff of poison
Jewellery
 E - an amulet of magic regeneration (around neck)
 G - an amulet of reflection
 L - a +4 ring of protection (left hand)
 T - a ring of flight
 Z - the ring "Filepexe" (right hand) {rN+ Str+3}
   (You found it on level 5 of the Lair of Beasts)

   [ring of positive energy]

   Str:       It affects your strength (+3).
   rN:        It protects you from negative energy.
Wands
 m - a wand of charming (3)
 o - a wand of polymorph (1)
 z - a wand of acid (2)
 Q - a wand of flame (40)
 Y - a wand of digging (6)
Scrolls
 c - 5 scrolls of blinking
 d - a scroll of fear
 i - a scroll of teleportation
 x - a scroll of silence
 y - 4 scrolls of fog
 O - a scroll of magic mapping
Potions
 b - a potion of magic
 f - a potion of berserk rage
 g - a potion of enlightenment
 t - a potion of invisibility
 v - 2 potions of might
 A - 3 potions of resistance
 P - a potion of cancellation
 R - a potion of brilliance
 V - 3 potions of haste
 W - 9 potions of ambrosia
Miscellaneous
 M - a piece from Xom's chessboard (15/15)


   Skills:
 * Level 8.1 Fighting
 + Level 0.4 Maces & Flails
 * Level 10.5 Polearms
 + Level 4.0 Throwing
 * Level 5.8 Armour
 + Level 5.4 Dodging
 + Level 4.0 Stealth
 * Level 2.0 Shields
 * Level 11.5 Spellcasting
 * Level 6.1 Conjurations
 - Level 5.0 Summonings
 * Level 3.7 Translocations
 * Level 3.6 Transmutations
 + Level 3.1 Fire Magic
 * Level 12.8 Ice Magic
 * Level 4.8 Air Magic
 + Level 2.0 Poison Magic
 * Level 5.9 Evocations


You had 9 spell levels left.
You knew the following spells:

 Your Spells              Type           Power      Damage    Failure   Level
a - Freeze                Ice            100%       1d10      1%          1
b - Frozen Ramparts       Ice            100%       1d16      1%          3
c - Ozocubu's Armour      Ice            62%        N/A       1%          3
d - Hailstorm             Conj/Ice       53%        3d12      1%          3
e - Static Discharge      Conj/Air       72%        2-5/arc   1%          2
f - Magic Dart            Conj           100%       1d8       1%          1
g - Summon Ice Beast      Ice/Summ       51%        N/A       1%          4
h - Scorch                Fire           52%        2d7       1%          2
i - Freezing Cloud        Conj/Ice/Air   23%        6-21      2%          5
j - Airstrike             Air            16%        2d(3-19)  3%          4

Your spell library contained the following spells:

 Spells                   Type           Power      Damage    Failure   Level
 Lee's Rapid Deconstruct  Erth           6%         3d6*      45%         5
 Summon Small Mammal      Summ           100%       N/A       1%          1
 Dazzling Flash           Conj/Hex       52%        N/A       1%          3
 Volatile Blastmotes      Fire/Tloc      54%        2d14      1%          3
 Iskenderun's Mystic Bla  Conj/Tloc      34%        2d8       2%          4
 Call Canine Familiar     Summ           34%        N/A       3%          3
 Passwall                 Tmut/Erth      16%        N/A       5%          2
 Irradiate                Conj/Tmut      17%        3d17      8%          5
 Summon Guardian Golem    Hex/Summ       23%        N/A       9%          3
 Summon Lightning Spire   Summ/Air       34%        N/A       10%         4
 Sublimation of Blood     Necr           12%        N/A       12%         2
 Animate Armour           Summ/Erth      46%        N/A       26%         4
 Petrify                  Tmut/Erth      20%        N/A       34%         4
 Starburst                Conj/Fire      16%        6d6       38%         6
 Blade Hands              Tmut           14%        N/A       43%         5
 Anguish                  Hex/Necr       6%         N/A       58%         4
 Animate Dead             Necr           12%        N/A       58%         4
 Cause Fear               Hex            6%         N/A       58%         4
 Borgnjor's Vile Clutch   Necr/Erth      6%         N/A       91%         5
 Death Channel            Necr           6%         N/A       100%        6
 Enfeeble                 Hex            6%         N/A       100%        7
 Lehudib's Crystal Spear  Conj/Erth      13%        10d4      100%        8


Dungeon Overview and Level Annotations

Branches:
Dungeon (12/15)            Temple (1/1) D:7            Lair (5/5) D:11
 Shoals (0/4) Lair:2       Spider (0/4) Lair:3        Slime (0/5) Lair:5
    Orc (0/2) D:10

Altars:
Ashenzari
Cheibriados
Dithmenos
Elyvilon
Fedhas
Gozag
Hepliaklqana
Kikubaaqudgha
Makhleb
Nemelex Xobeh
Okawaru
Qazlal
Ru
Sif Muna
Trog
Uskayaw
Vehumet
Wu Jian
Xom
Yredelemnul
Zin
The Shining One
Jiyva

Shops:
D:5 :![==   D:6 =

Annotations:
D:12 1 transporter


Innate Abilities, Weirdness & Mutations

((You are very nimble when in or above water. (Stealth+, EV+, Speed+++)))
Your lower body shifts to a powerful aquatic tail in water.


Message History

You are more poisoned.
The two-headed ogre zombie hits you with a +0 giant club of venom!
* * * LOW HITPOINT WARNING * * *
You are more poisoned.
The orc knight zombie hits you with a +2 long sword of venom.
* * * LOW HITPOINT WARNING * * *
You are more poisoned.
You feel better.
The orc knight zombie hits you but does no damage.
You are poisoned.
The two-headed ogre zombie completely misses you.
The two-headed ogre zombie closely misses you.
Unknown command.
Press: ? - help, v - describe, . - travel
Here: an orc knight zombie, wielding a +2 long sword of venom (heavily damaged)
An open gate.
Press: ? - help, v - describe, . - travel, g - get item
Here: a two-headed ogre zombie, wielding a +2 dire flail of venom and a +0 giant club of venom (poison gas, severely damaged)
Items here: a cane toad corpse; a black mamba corpse.
An open gate.
Aiming: Corrosive Bolt
Press: ? - help, Shift-Dir - straight line, f - orc knight zombie
Aim: an orc knight zombie, wielding a +2 long sword of venom (heavily damaged, 81% to hit)
The bolt of acid hits the orc knight zombie!!
The orc knight zombie is almost destroyed.
You feel very sick.
The orc knight zombie hits you with a +2 long sword of venom!
* * * LOW HITPOINT WARNING * * *
Unknown command.
Aiming: Corrosive Bolt
Press: ? - help, Shift-Dir - straight line, f/p - orc knight zombie
Aim: an orc knight zombie, wielding a +2 long sword of venom (poison gas, almost destroyed, 81% to hit)
The bolt of acid misses the orc knight zombie.
* * * LOW HITPOINT WARNING * * *
You feel sick.
The two-headed ogre zombie closely misses you.
The two-headed ogre zombie misses you.
You feel better.
The orc knight zombie hits you with a +2 long sword of venom!
You die...

.^#.........................#~~~~
..#.........................#♣♣♣~
..#.........................#♣~~~
.÷...............#######....#.~~~
..#.......########.°°°☼#....#.~♣~
..........#°☼.○°○#☼○☼°°#....#..♣~
#+........#.°°.○°#○○°○°#....#...~
~.........#○☼#.#.Z○☼°[?#....#...P
~~~......©#○○©..@Z○○☼[©#©...#....
~~~~P.....#☼°#.#.○○○°$!#....###+#
♣♣~P......#.°○.°○#○☼°○○#.........
♣♣~P......#○○.☼°°#°○○○°#.........
♣P~.......########.°☼○○#....P....
♣♣...............#######...#~PP..
P~.........................~~~~~P
.~.........................~~♣PP~
.P..#####...#'##...^....[.P~♣♣♣♣♣


You could see an orc knight zombie and a two-headed ogre zombie.

Vanquished Creatures
  Gastronok (D:8)
  4 dire elephants (Lair:5)
  3 hydras
  A catoblepas (Lair:5)
  2 two-headed ogres
  2 boulder beetles
  A spectral dire elephant (Lair:5)
  Urug (D:11)
  8 death yaks
  Sonja (D:10)
  A spectral death yak (Lair:5)
  A skyshark (Lair:4)
  A spectral anaconda (Lair:5)
  An obsidian statue (Lair:5)
  A wolf spider (Lair:3)
  A deep elf pyromancer (D:12)
  3 necromancers (Lair:5)
  An oklob plant (D:11)
  A cyclops (D:12)
  2 manticores
  23 elephants
  Joseph (Lair:1)
  3 merfolk sirens (Lair:2)
  5 black mambas
  A dire elephant zombie (Lair:5)
  13 cane toads
  4 rime drakes
  Psyche (D:8)
  Maggie (D:6)
  6 komodo dragons
  A troll (D:11)
  2 merfolk
  A queen bee (D:9)
  2 polar bears
  A hornet (D:9)
  5 blink frogs (Lair:5)
  Prince Ribbit (D:5)
  A dream sheep (Lair:5)
  2 spectral elephants (Lair:5)
  4 slime creatures (D:12)
  A culicivora (Lair:3)
  A shadow (D:10)
  3 water elementals (D:12)
  2 jumping spiders (Lair:3)
  A vampire (D:11)
  2 wyverns
  61 yaks
  3 basilisks
  A steam dragon (D:8)
  3 vampire mosquitoes (D:12)
  An acid dragon (D:12)
  Edmund (D:6)
  11 water moccasins
  3 black bears
  6 orc warriors
  An ice beast (D:6)
  An ogre (D:5)
  An elephant zombie (Lair:5)
  4 centaurs
  15 wolves
  2 phantoms
  3 kobold brigands
  13 bullfrogs
  A cane toad simulacrum (Lair:5)
  7 wights (D:9)
  3 elephant simulacra (Lair:5)
  27 killer bees
  2 howler monkeys
  3 electric eels (D:12)
  A jelly (D:7)
  4 hounds
  3 orc priests
  4 iguanas
  15 orc wizards
  3 hell rats (Lair:5)
  3 gnolls (D:4)
  7 adders
  8 river rats (Lair:5)
  A white imp (D:7)
  2 ufetubi
  A worm (D:5)
  4 dart slugs
  42 orcs
  8 bats
  4 endoplasms
  6 giant cockroaches
  7 goblins
  6 hobgoblins
  4 jackals (D:1)
  15 kobolds
  3 quokkas
  8 ball pythons
  4 frilled lizards
  9 rats
470 creatures vanquished.

Vanquished Creatures (collateral kills)
  A dire elephant (Lair:5)
  A necromancer (Lair:5)
  An elephant skeleton (Lair:5)
3 creatures vanquished.

Grand Total: 473 creatures vanquished

Notes
Turn   | Place    | Note
-------+----------+-------------------------------------------
     0 | D:1      | bmj180 the Merfolk Ice Elementalist began the quest for the
                  | Orb.
     0 | D:1      | Reached XP level 1. HP: 13/13 MP: 3/3
   105 | D:1      | Reached XP level 2. HP: 12/19 MP: 0/5
   507 | D:1      | Reached XP level 3. HP: 21/24 MP: 0/6
   688 | D:1      | Got the Incunable of the Plutonic Atmosphere
   937 | D:1      | Found a faded altar of an unknown god.
   937 | D:1      | You fall into a shaft and drop 1 floor!
  1097 | D:2      | Reached skill level 5 in Ice Magic
  1960 | D:3      | Reached XP level 4. HP: 31/31 MP: 5/7
  2086 | D:3      | Reached skill level 1 in Throwing
  2234 | D:3      | Reached XP level 5. HP: 36/36 MP: 0/9
  2483 | D:3      | Reached skill level 1 in Fighting
  2492 | D:3      | Learned a level 3 spell: Frozen Ramparts
  2496 | D:3      | Learned a level 3 spell: Ozocubu's Armour
  2773 | D:4      | Reached skill level 1 in Armour
  2774 | D:4      | Noticed a phantom
  3120 | D:4      | Reached skill level 1 in Conjurations
  3567 | D:5      | Entered Level 5 of the Dungeon
  3567 | D:5      | Noticed Prince Ribbit
  3575 | D:5      | Killed Prince Ribbit
  3576 | D:5      | Reached skill level 1 in Polearms
  3576 | D:5      | Reached XP level 6. HP: 27/44 MP: 0/11
  3720 | D:5      | Found Asyrr's Armour Boutique.
  3723 | D:5      | Noticed a black bear
  3723 | D:5      | Noticed a black bear
  3747 | D:4      | Reached skill level 6 in Ice Magic
  3747 | D:4      | Reached XP level 7. HP: 38/49 MP: 7/12
  4167 | D:5      | Reached XP level 8. HP: 57/57 MP: 10/14
  4250 | D:5      | Found Veprus's Book Emporium.
  4253 | D:5      | Found Ceruq's Jewellery Shop.
  4257 | D:5      | Found Giecseg's Distillery.
  4260 | D:5      | Found Berirhar's Jewellery Boutique.
  4338 | D:5      | Bought a potion of curing for 36 gold pieces
  4338 | D:5      | Bought a potion of degeneration for 12 gold pieces
  4885 | D:6      | Found Toschal's Jewellery Boutique.
  4977 | D:6      | Noticed Maggie
  5159 | D:6      | Found a basalt altar of Yredelemnul.
  5159 | D:6      | Found a shimmering blue altar of Sif Muna.
  5177 | D:6      | Reached skill level 7 in Ice Magic
  5283 | D:6      | Noticed Edmund
  5291 | D:6      | Killed Edmund
  5414 | D:6      | Reached skill level 5 in Spellcasting
  5613 | D:6      | Identified the +0 scale mail of the Invisible Hand {+Inv
                  | Int+2}
  5654 | D:6      | Killed Maggie
  5655 | D:6      | Reached skill level 1 in Evocations
  5852 | D:6      | Reached skill level 1 in Air Magic
  5852 | D:6      | Reached XP level 9. HP: 57/64 MP: 15/17
  6545 | D:7      | Found a staircase to the Ecumenical Temple.
  6552 | Temple   | Entered the Ecumenical Temple
  6769 | Temple   | Became a worshipper of Vehumet
  7033 | D:7      | Found a glowing silver altar of Zin.
  7526 | D:8      | Noticed Psyche
  7574 | D:8      | Killed Psyche
  7575 | D:8      | Reached skill level 5 in Polearms
  7575 | D:8      | Reached skill level 8 in Ice Magic
  8101 | D:8      | Identified the +10 arbalest "Widowermaker" {speed, rElec
                  | rF+ Dex+5}
  8406 | D:8      | Noticed Gastronok
  8615 | D:8      | Found a sacrificial altar of Ru.
  8839 | D:9      | Reached XP level 10. HP: 71/73 MP: 12/19
  8897 | D:9      | Reached * piety under Vehumet
  8897 | D:9      | Offered knowledge of Shock by Vehumet.
  8977 | D:9      | Reached skill level 5 in Fighting
  9179 | D:9      | Reached skill level 1 in Summonings
  9260 | D:9      | Learned a level 3 spell: Hailstorm
  9263 | D:9      | Learned a level 2 spell: Static Discharge
  9401 | D:9      | Reached ** piety under Vehumet
  9734 | D:9      | Offered knowledge of Magic Dart by Vehumet.
  9942 | D:9      | Learned a level 1 spell: Magic Dart
  9947 | D:9      | Learned a level 4 spell: Summon Ice Beast
  9976 | D:10     | Entered Level 10 of the Dungeon
 10044 | D:10     | Noticed Sonja
 10060 | D:10     | Killed Sonja
 10061 | D:10     | Reached skill level 9 in Ice Magic
 10064 | D:10     | Noticed a two-headed ogre
 10088 | D:10     | Reached XP level 11. HP: 36/80 MP: 12/22
 10227 | D:10     | Found a bloodstained altar of Trog.
 10258 | D:10     | Found a shimmering altar of Xom.
 10320 | D:10     | Found a staircase to the Orcish Mines.
 11270 | D:10     | Killed a two-headed ogre
 11505 | D:11     | Identified a scroll of acquirement
 11505 | D:11     | Acquired the +4 demon trident of Wedimigg {freeze, rElec}
 11554 | D:11     | Noticed a boulder beetle
 11568 | D:11     | Killed a boulder beetle
 11746 | D:11     | Noticed a manticore
 11761 | D:11     | Killed a manticore
 11821 | D:11     | Noticed Urug
 11833 | D:11     | HP: 3/81 [Urug/+4 eveningstar (11)]
 11834 | D:11     | Killed Urug
 12290 | D:11     | Offered knowledge of Scorch by Vehumet.
 12507 | D:11     | Noticed an oklob plant
 12538 | D:11     | Found a staircase to the Lair.
 12897 | D:11     | Found a hazy altar of Hepliaklqana.
 13055 | D:11     | Learned a level 2 spell: Scorch
 13137 | D:12     | Found a transporter.
 13287 | D:12     | Noticed a cyclops
 13296 | D:12     | Killed a cyclops
 13329 | D:12     | Reached skill level 1 in Translocations
 13563 | D:12     | Noticed a two-headed ogre
 13574 | D:12     | Killed a two-headed ogre
 13761 | D:12     | Noticed a manticore
 13772 | D:12     | Noticed a deep elf pyromancer
 13866 | D:11     | Killed an oklob plant
 13867 | D:11     | Reached skill level 10 in Ice Magic
 13867 | D:11     | Reached XP level 12. HP: 58/89 MP: 22/24
 14019 | D:12     | Reached skill level 1 in Poison Magic
 14214 | D:12     | Reached *** piety under Vehumet
 14354 | D:12     | Reached skill level 5 in Dodging
 14651 | D:12     | Found a transporter.
 14716 | D:12     | Reached skill level 1 in Fire Magic
 15216 | D:11     | Learned a level 5 spell: Freezing Cloud
 15252 | Lair:1   | Entered Level 1 of the Lair of Beasts
 15645 | Lair:1   | Offered knowledge of Ignite Poison by Vehumet.
 16046 | Lair:1   | Noticed Joseph
 16060 | Lair:1   | Killed Joseph
 16314 | Lair:2   | Noticed a six-headed hydra
 16326 | Lair:2   | Killed a six-headed hydra
 16900 | Lair:2   | Reached skill level 5 in Conjurations
 17050 | Lair:2   | Found a staircase to the Shoals.
 17088 | Lair:2   | Reached **** piety under Vehumet
 17562 | Lair:3   | Reached skill level 11 in Ice Magic
 17571 | Lair:3   | Noticed a death yak
 17571 | Lair:3   | Noticed a death yak
 17578 | Lair:3   | Noticed a death yak
 17578 | Lair:3   | Noticed a death yak
 17593 | Lair:2   | HP: 1/89 [death yak (16)]
 17594 | Lair:2   | Killed a death yak
 17595 | Lair:2   | Reached XP level 13. HP: 2/95 MP: 21/26
 17937 | Lair:3   | You fall into a shaft and drop 2 floors!
 17937 | Lair:5   | Entered Level 5 of the Lair of Beasts
 17950 | Lair:5   | Reached skill level 5 in Armour
 18286 | Lair:5   | Offered knowledge of Inner Flame by Vehumet.
 18631 | Lair:5   | Identified the +9 morningstar "Nutsodghi" {freeze, rF++}
 18791 | Lair:5   | Found a viscous altar of Jiyva.
 18791 | Lair:5   | Found a staircase to the Slime Pits.
 19086 | Lair:5   | Reached skill level 10 in Spellcasting
 19781 | Lair:3   | Identified the +0 ring mail "Wacludi" {rElec rF+ rN+++
                  | Str-4}
 20425 | Lair:3   | Reached skill level 5 in Evocations
 20733 | Lair:3   | Found a hole to the Spider Nest.
 21290 | Lair:2   | Reached skill level 12 in Ice Magic
 21678 | Lair:3   | Reached ***** piety under Vehumet
 21679 | Lair:3   | Reached XP level 14. HP: 55/103 MP: 23/28
 22197 | D:11     | Learned a level 4 spell: Airstrike
 22328 | D:8      | Killed Gastronok
 22720 | Lair:4   | Offered knowledge of Leda's Unmaking by Vehumet.
 22810 | Lair:4   | Reached skill level 1 in Transmutations
 24232 | Lair:5   | Acquired the +1 buckler of Chimes {Will+ Dex+4}
 24285 | Lair:5   | Noticed a dire elephant
 24285 | Lair:5   | Noticed a dire elephant
 24285 | Lair:5   | Noticed a dire elephant
 24286 | Lair:5   | Noticed a dire elephant
 24539 | Lair:5   | Noticed a dire elephant
 24831 | Lair:5   | Killed a dire elephant
 25187 | Lair:5   | Reached skill level 1 in Shields
 25449 | Lair:5   | Reached skill level 5 in Summonings
 25935 | Lair:5   | HP: 1/100 [spectral dire elephant (9)]
 25937 | Lair:5   | Reached skill level 10 in Polearms
 26545 | Lair:5   | Identified the +4 morningstar of Coakhleeth {pain, rN+
                  | Int+3 SInv}
 26570 | Lair:5   | Offered knowledge of Lee's Rapid Deconstruction by Vehumet.
 26998 | Lair:5   | Killed a dire elephant
 27263 | Lair:5   | HP: 4/101 [dire elephant (8)]
 27580 | Lair:5   | Killed a dire elephant
 27769 | Lair:5   | Killed a dire elephant
 27993 | Lair:5   | Killed a dire elephant
 27994 | Lair:5   | Reached XP level 15. HP: 83/110 MP: 14/30
 28547 | Lair:5   | Identified the ring "Filepexe" {rN+ Str+3}
 28844 | D:5      | Bought a +0 pair of gloves for 49 gold pieces
 29041 | D:12     | HP: 5/110 [orc knight zombie/+2 long sword of venom (10)]
 29043 | D:12     | Slain by an orc knight zombie

Illustrated notes

Levels and vault maps discovered:
D:1:      eino_arrival_water_star, layout_basic,
          hellmonk_ecumenical_altar_inner_sanctum, minmay_splitting_lines
D:2:      layout_basic, minivault_5
D:3:      layout_loops_ring, nicolae_the_louvre
D:4:      nicolae_cairo_tiling_large, layout_cave_pools,
          hangedman_abyss_or_decor_lesser_grid
D:5:      layout_layer_cave, nicolae_shop_national_dungeon_mall,
          uniq_prince_ribbit1
D:6:      layout_loops_ring, gammafunk_temple_overflow_elements, serial_shops,
          nicolae_shop_hallway_plus, uniq_edmund, uniq_maggie
D:7:      layout_gridville, zin_academy, minmay_temple_entry_sparse_star
D:8:      layout_basic, nicolae_ru_sacrificial_ziggurat, uniq_psyche,
          uniq_gastronok
D:9:      layout_roguey [special_room_bee]
D:10:     layout_irregular_city, lemuel_doored_altar, xom_teletrap_fun,
          david_orc_3, serial_co_window_serial, co_window_paths_a,
          co_window_paths_a, co_window_of_opportunity_a, co_window_cross_1,
          co_window_paths_a, co_window_of_opportunity_a, co_window_paths_a,
          co_window_paths_a, co_window_corner_a, co_window_of_opportunity_b,
          co_window_unsneaky_path_b, co_window_broadway_b, glass_columns_a,
          glass_columns_a, glass_columns_c, kennysheep_generic_room_7,
          uniq_sonja
D:11:     layout_irregular_city, dpeg_oklobed_lair,
          worldfamousw_hep_ancestral_shrine, uniq_urug
D:12:     gammafunk_cloud_chamber, layout_irregular_city, serial_bayou,
          serial_bayou_pond_c, serial_bayou_shore_a, serial_bayou_pond_c,
          serial_bayou_lake_a, hangedman_fish_farm
Temple:   eino_temple_rhombus
Lair:1:   layout_cave_pods, uniq_joseph
Lair:2:   layout_regular_city, elwin_shoals_entry_stream
Lair:3:   layout_layer_cave, spider_nest_entry_funnel_web
Lair:4:   layout_cave_pods, infiniplex_staircase_pool
Lair:5:   due_jungle_book, layout_small_grid, dpeg_slime_entry_corner,
          kennysheep_abandoned_house, grunt_megastairs_2, lemuel_fruit_tree,
          lemuel_fruit_fields, infiniplex_staircase_pool_2

Skill      XL: |  1  2  3  4  5  6  7  8  9 10 11 12 13 14 15 |
---------------+----------------------------------------------+-----
Ice Magic      | 5 6 7 8 9 10 11 12 | 12.8
Throwing       | 1 2 3 4 |  4.0
Fighting       | 1 2 3 4 5 6 7 8 |  8.1
Armour         | 1 2 3 4 5 |  5.8
Spellcasting   | 3 4 5 6 7 8 9 10 11 | 11.5
Conjurations   | 1 2 3 5 6 |  6.1
Polearms       | 1 2 3 5 6 7 8 9 10 | 10.5
Dodging        | 3 4 5 |  5.4
Evocations     | 1 2 3 4 5 |  5.9
Air Magic      | 1 2 3 4 |  4.8
Stealth        | 3 4 |  4.0
Summonings     | 2 3 4 5 |  5.0
Translocations | 1 2 3 |  3.7
Poison Magic   | 2 |  2.0
Fire Magic     | 2 3 |  3.1
Transmutations | 3 |  3.6
Shields        | 1 2 |  2.0
Maces & Flails | |  0.4

Action                     |  1- 3 |  4- 6 |  7- 9 | 10-12 | 13-15 || total
---------------------------+-------+-------+-------+-------+-------++-------
  Melee: Club              |     4 |       |       |       |       ||     4
         Short sword       |    17 |       |       |       |       ||    17
         Whip              |    13 |     9 |    30 |     7 |    11 ||    70
         Glaive            |       |       |    65 |    46 |       ||   111
         Punch             |       |       |     1 |     1 |    12 ||    14
         Tailslap          |       |       |     1 |       |       ||     1
         Halberd           |       |       |       |    11 |       ||    11
         Demon trident     |       |       |       |   146 |   421 ||   567
  Throw: Dart              |       |       |       |     3 |       ||     3
   Cast: Freeze            |    56 |    67 |   104 |   228 |   162 ||   617
         Frozen Ramparts   |       |     2 |    21 |    58 |    55 ||   136
         Ozocubu's Armour  |       |     1 |    15 |    45 |    58 ||   119
         Static Discharge  |       |       |       |    11 |    13 ||    24
         Summon Ice Beast  |       |       |       |     1 |     3 ||     4
         Hailstorm         |       |       |       |     1 |       ||     1
         Scorch            |       |       |       |       |    33 ||    33
         Freezing Cloud    |       |       |       |       |    23 ||    23
         Magic Dart        |       |       |       |       |     3 ||     3
         Airstrike         |       |       |       |       |    19 ||    19
  Evoke: Wand              |       |       |       |    11 |     8 ||    19
    Use: Scroll            |       |       |     2 |    19 |     9 ||    30
         Potion            |       |       |       |     5 |     4 ||     9
   Stab: Distracted        |       |       |       |     1 |     2 ||     3
 Armour: Robe              |    24 |    24 |    84 |    96 |       ||   228
         Acid dragon scale |       |       |       |    97 |   320 ||   417
  Dodge: Dodged            |    62 |    48 |   167 |   262 |   346 ||   885

Table legend: (Time is in decaauts)
 A = Elapsed time spent in this place.
 B = Non-inter-level travel time spent in this place.
 C = Inter-level travel time spent in this place.
 D = Time resting spent in this place.
 E = Time spent auto-exploring this place.
 F = Levels seen in this place.
 G = Mean time per level.
                   A        B        C        D        E       F      G
               +--------+--------+--------+--------+--------+-----+--------+
         Total |  28975 |  27079 |   1896 |   6679 |  14236 |  18 | 1609.7 |
       Dungeon |  15767 |  14304 |   1463 |   1920 |   9173 |  12 | 1313.9 |
        Temple |    233 |    184 |     49 |      0 |    170 |   1 |  233.0 |
          Lair |  12974 |  12591 |    383 |   4759 |   4892 |   5 | 2594.8 |
               +--------+--------+--------+--------+--------+-----+--------+

Top non-repeatable levels by time:
  Lair:5: 6042 daAuts
  Lair:3: 2294 daAuts
    D:11: 2108 daAuts
  Lair:2: 1835 daAuts
    D:12: 1809 daAuts
  Lair:4: 1709 daAuts
    D:10: 1666 daAuts
     D:8: 1461 daAuts
     D:5: 1414 daAuts
     D:9: 1387 daAuts
     D:6: 1201 daAuts
  Lair:1: 1092 daAuts
     D:3: 1068 daAuts
     D:1: 1028 daAuts
     D:7: 1028 daAuts
